 Dungeon Crawl Stone Soup version 0.19.1 (webtiles) character file.

779 Dfrag the Firebug (level 7, -2/46 HPs)
             Began as a Demonspawn Fire Elementalist on Nov 28, 2016.
             Was an Initiate of Makhleb.
             Slain by a hornet zombie (9 damage)
             ... on level 6 of the Dungeon.
             The game lasted 00:07:25 (3916 turns).

Dfrag the Firebug (Demonspawn Fire Elementalist)    Turns: 3916, Time: 00:07:26

Health: -2/46      AC:  9    Str: 10    XL:     7   Next: 54%
Magic:  7/14       EV: 12    Int: 18    God:    Makhleb [......]
Gold:   373        SH:  0    Dex: 19    Spells: 2 memorised, 11 levels left

rFire  . . .     SeeInvis .     t - +0 flail
rCold  . . .     Gourm    .     a - +0 robe
rNeg   . . .     Faith    .     (no shield)
rPois  .         Spirit   .     r - +0 helmet
rElec  .         Reflect  .     l - +0 cloak
rCorr  .         Harm     .     E - +0 pair of gloves of Sesetupt {MR+ Str+2 Dex+3 Slay+3}
MR     ++...                    (no boots)
Stlth  ++........               (no amulet)
                                B - +2 ring of dexterity
                                u - ring of protection from magic

@: lethally poisoned (-2 -> -2)
A: iridescent scales 2, powered by death 1, rot immunity
a: Renounce Religion


You were on level 6 of the Dungeon.
You worshipped Makhleb.
Makhleb was noncommittal.
You were not hungry.

You visited 2 branches of the dungeon, and saw 7 of its levels.

You collected 373 gold pieces.

Inventory:

Hand Weapons
 t - a +0 flail (weapon)
Armour
 a - a +0 robe (worn)
 h - a +0 pair of gloves
 l - a +0 cloak (worn)
 r - a +0 helmet (worn)
 E - the +0 pair of gloves of Sesetupt (worn) {MR+ Str+2 Dex+3 Slay+3}
   (You found it on level 5 of the Dungeon)

   It affects your strength (+2).
   It affects your dexterity (+3).
   It affects your accuracy and damage with ranged weapons and melee attacks
   (+3).
   It affects your resistance to hostile enchantments.
Jewellery
 u - a ring of protection from magic (left hand)
 z - an uncursed ring of resist corrosion
 B - a +2 ring of dexterity (right hand)
Wands
 o - a wand of iceblast (0/15)
Scrolls
 d - 3 scrolls of recharging {unknown}
 f - 11 scrolls of identify {unknown}
 i - 2 scrolls of noise {unknown}
 j - 7 scrolls of remove curse {unknown}
 m - 4 scrolls of fear {unknown}
 p - 5 scrolls of teleportation {unknown}
 q - 3 scrolls of enchant weapon {unknown}
 v - 2 scrolls of amnesia {unknown}
 y - a scroll of enchant armour {unknown}
Potions
 e - a potion of brilliance
 n - a potion of ambrosia {unknown}
 s - 4 potions of curing {unknown}
 w - a potion of agility {unknown}
 x - 3 potions of mutation {unknown}
 A - a potion of lignification {unknown}
Books
 b - a book of Flames

   Spells                             Type                      Level
   a - Flame Tongue                   Conjuration/Fire             1
   b - Throw Flame                    Conjuration/Fire             2
   c - Conjure Flame                  Conjuration/Fire             3
   d - Inner Flame                    Hexes/Fire                   3
   e - Sticky Flame                   Conjuration/Fire             4
   f - Fireball                       Conjuration/Fire             5
 C - a book of Air

   Spells                             Type                      Level
   a - Shock                          Conjuration/Air              1
   b - Swiftness                      Charms/Air                   2
   c - Repel Missiles                 Charms/Air                   2
   d - Static Discharge               Conjuration/Air              3
   e - Lightning Bolt                 Conjuration/Air              5
 F - a Grand Grimoire

   Spells                             Type                      Level
   a - Monstrous Menagerie            Summoning                    7
   b - Summon Greater Demon           Summoning                    7
   c - Malign Gateway                 Summoning/Translocation      7
   d - Summon Horrible Things         Summoning                    8
Comestibles
 c - 2 bread rations
 g - 3 meat rations
 k - 3 beef jerkies
 D - a slice of pizza


   Skills:
 - Level 1.7 Dodging
 - Level 1.7 Stealth
 + Level 5.0 Spellcasting
 + Level 4.7 Conjurations
 + Level 5.1 Fire Magic


You had 11 spell levels left.
You knew the following spells:

 Your Spells              Type           Power        Failure   Level  Hunger
a - Flame Tongue          Conj/Fire      ###..        1%          1    None
d - Sticky Flame          Conj/Fire      ###.....     21%         4    ####...


Dungeon Overview and Level Annotations

Branches:
Dungeon (6/15)             Temple (1/1) D:5

Altars:
Ashenzari
Elyvilon
Fedhas
Gozag
Makhleb
Nemelex Xobeh
Okawaru
Ru
Sif Muna
Trog
Uskayaw
Vehumet
Xom
Yredelemnul
Zin
The Shining One


Innate Abilities, Weirdness & Mutations

You are mostly covered in iridescent scales. (AC +4)
You regenerate a little health from kills.
You are immune to rotting.


Message History

You feel sick.
The hornet zombie burns!
The hornet zombie misses you.
Casting: Sticky Flame
Confirm with . or Enter, or press ? or * to list all spells.
Aiming: Flame Tongue
Press: ? - help, Shift-Dir - straight line, f/p - hornet zombie
Aim: a hornet zombie (heavily damaged, covered in liquid flames)
The flame tongue hits the hornet zombie.
The hornet zombie is heavily damaged.
The hornet zombie burns!
The hornet zombie stops burning.
The hornet zombie hits you.
* * * LOW HITPOINT WARNING * * *
Casting: Flame Tongue
Confirm with . or Enter, or press ? or * to list all spells.
Aiming: Flame Tongue
Press: ? - help, Shift-Dir - straight line, f/p - hornet zombie
Aim: a hornet zombie (severely damaged)
The flame tongue hits the hornet zombie.
The hornet zombie is severely damaged.
The hornet zombie hits you!
You die...

.... ......?.<# ##
.........# # .........#
### .........# ... #..
.........# .... # #
.........##.... #. #
.........#... #..##
.......@.#.# #....
#).....Z...# #####..#
#..........# ###....#.#
#......†...# #......#.#
...........# #.#....#.#
..........## ##.#....#.#
...........# #.......#..
...........###†......##.
.#.#######..............


You could see a hornet zombie.

Vanquished Creatures
  A phantom (D:4)
  An ogre (D:5)
  A scorpion (D:6)
  2 crimson imps (D:5)
  2 orc priests
  A hound (D:4)
  A centaur skeleton (D:3)
  2 orc wizards (D:6)
  5 worker ants
  A howler monkey skeleton (D:5)
  10 adders
  A shadow imp (D:5)
  2 oozes
  2 worms
  2 dart slugs
  4 leopard geckos
  16 orcs
  A ball python (D:3)
  7 giant cockroaches
  12 goblins
  9 hobgoblins
  3 jackals
  3 quokkas
  3 bats
  5 frilled lizards
  10 kobolds
  9 rats
116 creatures vanquished.

Notes
Turn   | Place    | Note
-------+----------+-------------------------------------------
     0 | D:1      | Dfrag the Demonspawn Fire Elementalist began the quest for the Orb.
     0 | D:1      | Reached XP level 1. HP: 13/13 MP: 3/3
   195 | D:1      | Gained mutation: You are partially covered in iridescent scales. (AC +2) [demonic ancestry]
   195 | D:1      | Reached XP level 2. HP: 17/19 MP: 0/5
   712 | D:2      | Gained mutation: You are mostly covered in iridescent scales. (AC +4) [demonic ancestry]
   712 | D:2      | Reached XP level 3. HP: 19/24 MP: 1/6
   920 | D:2      | HP: 1/24 [poisoned by an adder]
   941 | D:2      | Reached XP level 4. HP: 3/30 MP: 0/8
  1868 | D:3      | Gained mutation: You regenerate a little health from kills. [demonic ancestry]
  1868 | D:3      | Reached XP level 5. HP: 35/35 MP: 5/9
  2215 | D:3      | Learned a level 4 spell: Sticky Flame
  2529 | D:4      | Noticed a phantom
  2556 | D:4      | Killed a phantom
  2556 | D:4      | Reached XP level 6. HP: 35/41 MP: 2/12
  3152 | D:5      | Entered Level 5 of the Dungeon
  3307 | D:5      | Gained mutation: You are immune to rotting. [demonic ancestry]
  3307 | D:5      | Reached XP level 7. HP: 44/46 MP: 6/13
  3339 | D:5      | Found a staircase to the Ecumenical Temple.
  3357 | Temple   | Entered the Ecumenical Temple
  3389 | Temple   | Became a worshipper of Makhleb the Destroyer
  3530 | D:5      | Found a hide-covered altar of Uskayaw.
  3582 | D:5      | Got a pair of fine gloves
  3593 | D:5      | Identified the +0 pair of gloves of Sesetupt {MR+ Str+2 Dex+3 Slay+3} (You found it on level 5 of the Dungeon)
  3694 | D:5      | Reached skill level 5 in Fire Magic
  3898 | D:6      | Reached skill level 5 in Spellcasting
  3916 | D:6      | Slain by a hornet zombie

Skill      XL: |  1  2  3  4  5  6  7 |
---------------+----------------------+-----
Fire Magic     | 3 4 5 |  5.1
Conjurations   | 2 3 4 |  4.7
Spellcasting   | 3 4 5 |  5.0
Dodging        | |  1.7
Stealth        | |  1.7

Action                   |  1- 3 |  4- 6 |  7- 9 || total
-------------------------+-------+-------+-------++-------
Melee: Unarmed           |    56 |    22 |       ||    78
       Flail             |       |    66 |    43 ||   109
 Cast: Flame Tongue      |    56 |   138 |    24 ||   218
       Sticky Flame      |       |     1 |     4 ||     5
Evoke: Wand              |       |     2 |       ||     2
  Use: Potion            |     1 |       |       ||     1
 Stab: Sleeping          |       |     1 |       ||     1
  Eat: Chunk             |       |     8 |     3 ||    11
Armor: Robe              |    18 |    85 |    35 ||   138
Dodge: Dodged            |    39 |   125 |    46 ||   210
